 Dungeon Crawl Stone Soup version 0.23-a0-389-g4a5eb33 (webtiles) character file.

60 nixmar the Firebug (level 3, 20/20 HPs)
             Began as a Deep Elf Fire Elementalist on Oct 29, 2018.
             Quit the game on level 2 of the Dungeon.
             The game lasted 00:04:53 (2273 turns).

nixmar the Firebug (Deep Elf Fire Elementalist)     Turns: 2273, Time: 00:04:54

Health: 20/20      AC:  2    Str:  5    XL:     3   Next: 82%
Magic:  0/10       EV: 13    Int: 20    God:
Gold:   32         SH:  0    Dex: 15    Spells: 6/9 levels left

rFire    . . .     SeeInvis .   b - +0 short sword
rCold    . . .     Gourm    .   (no shield)
rNeg     . . .     Faith    .   a - +0 robe
rPois    .         Spirit   .   (no helmet)
rElec    .         Reflect  .   (no cloak)
rCorr    .         Harm     .   (no gloves)
MR       .....                  (no boots)
Stlth    ++........             (no amulet)
HPRegen  0.06/turn              (no ring)
MPRegen  0.12/turn              (no ring)

@: very slightly contaminated
A: no striking features
a: no special abilities


You were on level 2 of the Dungeon.
You were not hungry.

You visited 1 branch of the dungeon, and saw 2 of its levels.

You collected 32 gold pieces.

Inventory:

Hand Weapons
 b - a +0 short sword (weapon)
Armour
 a - a +0 robe (worn)
Jewellery
 g - a cursed ring of attention {unknown}
Wands
 j - a wand of scattershot (5) {@v5}
Scrolls
 c - a scroll of teleportation {unknown}
 d - a scroll of enchant weapon {unknown}
 f - 5 scrolls of identify {unknown}
 h - 3 scrolls of random uselessness {unknown}
Potions
 i - a potion of mutation {unknown}
Comestibles
 e - 3 rations


   Skills:
 + Level 1.0 Fighting
 + Level 3.1 Dodging
 - Level 2.4 Stealth
 + Level 3.6 Spellcasting
 + Level 2.1 Conjurations
 + Level 3.7 Fire Magic


You had 6 spell levels left.
You knew the following spells:

 Your Spells              Type           Power        Failure   Level  Hunger
a - Flame Tongue          Conj/Fire      ###..        4%          1    None
b - Throw Flame           Conj/Fire      ###...       6%          2    ##.....

Your spell library contained the following spells:

 Spells                   Type           Power        Failure   Level  Hunger
 Conjure Flame            Conj/Fire      ###.....     12%         3    ###....
 Inner Flame              Hex/Fire       ##......     19%         3    ###....
 Sticky Flame             Conj/Fire      ###.....     36%         4    ####...
 Fireball                 Conj/Fire      ###.......   73%         5    ######.


Dungeon Overview and Level Annotations

Branches:
Dungeon (2/15)

Altars:


Message History

Casting: Throw Flame (safe; 6% risk of failure)
Confirm with . or Enter, or press ? or * to list all spells.
Aiming: Throw Flame (safe; 6% risk of failure)
Press: ? - help, Shift-Dir - straight line, f - kobold
Aim: a kobold, wielding a +1 short sword of venom The puff of flame hits the kobold.
The kobold is severely wounded.
A leopard gecko comes into view.
Casting: Throw Flame (safe; 6% risk of failure)
Confirm with . or Enter, or press ? or * to list all spells.
Aiming: Throw Flame (safe; 6% risk of failure)
Press: ? - help, Shift-Dir - straight line, f/p - kobold
Aim: a kobold, wielding a +1 short sword of venom (severely wounded)
You miscast Throw Flame.
You are very lightly contaminated with residual magic.
The air around you burns with energy!
Saving game... please wait.
Welcome back, nixmar the Deep Elf Fire Elementalist.
Press ? for a list of commands and other information.
Are you sure you want to abandon this character and quit the game? (Confirm

#..## #..# #..# #########
#..# #....w..# #####..##
##[#####.# #........
####...####.# #.###..##
#.........#.########.# #)...
#.##...##..@.........####...
# #######$#######.....##..#
≈≈K≈≈ #.......... ≈≈.....≈
##.##...... ≈≈≈...l...≈≈
#........# ≈≈....#....≈
#..###..## ≈.(.## ##...
##..# #..# ≈... ...≈#...#
#..## #...###)...


You could see a leopard gecko and a kobold.

Vanquished Creatures
  2 adders (D:2)
  An ooze (D:1)
  A worm (D:2)
  A dart slug (D:2)
  A leopard gecko (D:2)
  2 ball pythons
  5 giant cockroaches
  2 goblins
  2 hobgoblins
  2 jackals (D:1)
  4 bats
  3 frilled lizards (D:1)
  4 kobolds
  3 rats
33 creatures vanquished.

Notes
Turn   | Place    | Note
-------+----------+-------------------------------------------
     0 | D:1      | nixmar the Deep Elf Fire Elementalist began the quest for
                  | the Orb.
     0 | D:1      | Reached XP level 1. HP: 10/10 MP: 6/6
   518 | D:1      | Reached XP level 2. HP: 16/16 MP: 4/8
  1079 | D:1      | Learned a level 2 spell: Throw Flame
  1286 | D:2      | Reached XP level 3. HP: 20/20 MP: 5/9
  1686 | D:2      | Reached skill level 1 in Fighting
  2273 | D:2      | Upgraded the game from 0.23-a0-386-g9c9d49f to
                  | 0.23-a0-389-g4a5eb33
  2273 | D:2      | Quit the game

Vault maps used:
D:1:      saegor_arrival_simple_c
D:2:      kennysheep_generic_room_2

Skill      XL: |  1  2  3 |
---------------+----------+-----
Dodging        | 3 |  3.1
Conjurations   | 2 |  2.1
Fighting       | 1 |  1.0
Stealth        | |  2.4
Spellcasting   | |  3.6
Fire Magic     | |  3.7

Action                   || total
-------------------------++-------
Melee: Short sword       ||     8
 Cast: Flame Tongue      ||    42
       Throw Flame       ||    25
  Eat: Chunk             ||     5
Dodge: Dodged            ||    10

Table legend:
 A = Non-vault XP
 B = Vault XP
 C = Vault XP percentage of total XP
 D = Non-vault monster count
 E = Vault monster count
 F = Vault count percentage of total count
                 A         B        C        D         E       F
            +---------+---------+-------+---------+---------+-------
      Total |      87 |       0 |   0.0 |      33 |       0 |   0.0
            +---------+---------+-------+---------+---------+-------
        D:1 |      28 |       0 |   0.0 |      15 |       0 |   0.0
        D:2 |      59 |       0 |   0.0 |      18 |       0 |   0.0
            +---------+---------+-------+---------+---------+-------
